 Dungeon Crawl Stone Soup version 0.29-a0-393-g47a863cc1b (webtiles) character file.

Game seed: 5592899634450767527

21 trckry the Caller (level 2, -6/24 HPs)
             Began as an Ogre Summoner on May 11, 2022.
             Mangled by Natasha (8 damage)
             ... on level 2 of the Dungeon.
             The game lasted 00:05:10 (1472 turns).

trckry the Caller (Ogre Summoner)                   Turns: 1472, Time: 00:05:11

Health: -6/24      AC:  3    Str: 11    XL:     2   Next: 83%
Magic:  2/5        EV:  9    Int: 16    God:
Gold:   47         SH:  0    Dex:  9    Spells: 3/6 levels left

rFire   . . .      SeeInvis .   d - +0 war axe
rCold   . . .      Faith    .   (no shield)
rNeg    . . .      Spirit   .   a - +0 robe
rPois   .          Reflect  .   (helmet restricted)
rElec   .          Harm     .   (no cloak)
rCorr   .          Rampage  .   (gloves unavailable)
Will    .....                   (boots unavailable)
Stlth   +.........              (no amulet)
HPRegen 0.08/turn               (no ring)
MPRegen 0.09/turn               (no ring)

@: slowed, very slow
A: large, unfitting armour, tough skin 1
a: no special abilities


You were on level 2 of the Dungeon.
You visited 1 branch of the dungeon, and saw 2 of its levels.

You collected 47 gold pieces.

Inventory:

Hand Weapons
 d - a +0 war axe (weapon)
Armour
 a - a +0 robe (worn)
Scrolls
 c - 2 scrolls of magic mapping {unknown}
 e - a scroll of poison {unknown}
 f - a scroll of teleportation {unknown}
 g - a scroll of immolation {unknown}
Potions
 b - a potion of magic


   Skills:
 - Level 1.7 Dodging
 - Level 1.4 Stealth
 + Level 2.9 Spellcasting
 * Level 4.1 Summonings


You had 3 spell levels left.
You knew the following spells:

 Your Spells              Type           Power      Damage    Failure   Level
a - Summon Small Mammal   Summ           60%        N/A       3%          1
b - Call Imp              Summ           15%        N/A       5%          2

Your spell library contained the following spells:

 Spells                   Type           Power      Damage    Failure   Level
 Call Canine Familiar     Summ           15%        N/A       11%         3
 Summon Guardian Golem    Hex/Summ       9%         N/A       24%         3
 Summon Lightning Spire   Summ/Air       9%         N/A       63%         4


Dungeon Overview and Level Annotations

Branches:
Dungeon (2/15)

Altars:

Annotations:
D:2 Natasha


Innate Abilities, Weirdness & Mutations

You are too large for most types of armour.
You have tough skin. (AC +1)


Message History

Your crimson imp blinks!
Natasha appears from thin air!
Reactivating autopickup.
The shadow imp disappears in a puff of smoke!
Natasha casts a spell.
A bat comes into view.
Found a faded altar of an unknown god.
Found 12 gold pieces.
The bat completely misses you. The bat hits you.
* * * LOW HITPOINT WARNING * * *
You take 1 damage, and have 7/24 hp.
The bat barely misses you.
Found 11 gold pieces.
The bat hits you but does no damage. The bat attacks as you move away!
The bat closely misses you. The bat hits you but does no damage.
The bat barely misses you.
You slash the bat!
You kill the bat!
The shadow imp disappears in a puff of smoke!
Natasha casts a spell at you. You resist with significant effort.
Casting: Summon Small Mammal (safe; 3% risk of failure)
Confirm with . or Enter, or press ? or * to list all spells.
You miscast Call Imp.
You are very lightly contaminated with residual magic.
Nothing appears to happen.
You now have 1/5 mp.
Natasha stares at you and mumbles some strange words.
You feel yourself slow down.
Natasha stares at you and mumbles some strange words.
You feel as though you will be slow longer.
Your magical contamination has completely faded away.
Natasha stares at you and mumbles some strange words.
The magic dart hits you!
* * * LOW HITPOINT WARNING * * *
You take 7 damage, and have 2/24 hp.
MASSIVE DAMAGE!!
There is a stone staircase leading up here.
Okay, then.
Natasha claws you!
You die...

#...# #.#### ##..###.#
###8..8##.###############
#.............†.........#
#..$>...#.#############.###
###.#8..8#.......# #.....#
....##..###.####.# #.....#####
..........5..###.######..........
.#####.......K.h@.†.........#####
## #..###.(........#......# ##. .
.........####...#.#.....####.. #
###..##### ###.#..........).. #
#..# #..))........... ....
#####..#.###.... ##### #..#.#
#..#. #########..#.# #.###
#..........#.####.#.


You could see Natasha (ally target), a kobold and a friendly crimson imp
(summoned).

Vanquished Creatures
  A bat (D:2)
1 creature vanquished.

Vanquished Creatures (collateral kills)
  2 bats (D:1)
  An endoplasm (D:1)
  A giant cockroach (D:1)
  2 goblins (D:1)
  2 hobgoblins
  4 quokkas
  3 frilled lizards
  3 rats
18 creatures vanquished.

Vanquished Creatures (others)
  4 plants (D:1)
4 creatures vanquished.

Grand Total: 23 creatures vanquished

Notes
Turn   | Place    | Note
-------+----------+-------------------------------------------
     0 | D:1      | trckry the Ogre Summoner began the quest for the Orb.
     0 | D:1      | Reached XP level 1. HP: 16/16 MP: 3/3
   600 | D:1      | Reached XP level 2. HP: 22/24 MP: 3/5
   867 | D:1      | Reached skill level 4 in Summonings
   970 | D:1      | Learned a level 2 spell: Call Imp
  1397 | D:2      | Noticed Natasha
  1443 | D:2      | Found a faded altar of an unknown god.
  1470 | D:2      | HP: 2/24 [Natasha/magic dart (7)]
  1472 | D:2      | Mangled by Natasha

Illustrated notes

Levels and vault maps discovered:
D:1:      scummos_arrival_gate, layout_basic, serial_forest,
          infiniplex_forest_zigzag_1, infiniplex_forest_clump_medium,
          infiniplex_forest_clump_curved, infiniplex_forest_lined_4_way,
          infiniplex_forest_clump_cross, infiniplex_forest_clump_small,
          infiniplex_forest_clump_small, infiniplex_forest_lined_corner,
          infiniplex_forest_clump_tiny, infiniplex_forest_split
D:2:      layout_loops_ring, shapermc_ecumenical_altar_starsandcircs,
          st_stairs_6, uniq_natasha, uniq_jessica

Skill      XL: |  1  2 |
---------------+-------+-----
Summonings     | 4 |  4.1
Dodging        | |  1.7
Stealth        | |  1.4
Spellcasting   | |  2.9

Action                   || total
-------------------------++-------
Melee: War axe           ||     5
 Cast: Summon Small Mamm ||    34
       Call Imp          ||     2
Armor: Robe              ||    18
Dodge: Dodged            ||    23

Table legend: (Time is in decaauts)
 A = Elapsed time spent in this place.
 B = Non-inter-level travel time spent in this place.
 C = Inter-level travel time spent in this place.
 D = Time resting spent in this place.
 E = Time spent auto-exploring this place.
 F = Levels seen in this place.
 G = Mean time per level.
                   A        B        C        D        E       F      G
               +--------+--------+--------+--------+--------+-----+--------+
         Total |   1476 |   1357 |    119 |      0 |    978 |   2 |  738.0 |
       Dungeon |   1476 |   1357 |    119 |      0 |    978 |   2 |  738.0 |
               +--------+--------+--------+--------+--------+-----+--------+

Top non-repeatable levels by time:
     D:1: 1267 daAuts
     D:2: 209 daAuts
